AoeStats
← Barba-vidalk63

Arena

509617947Analyzed
2v2 RM · 4d ago on Sep 27, 2026· 50m 10s· 4 players
Game mode
Random Map
Map size
Medium (4 player)
Population
200
Speed
Normal
Resources
Standard
Victory
Conquest
Starting age
Dark Age
Ending age
Imperial Age
RankedLock teamsTeams togetherTeam positionsShared explorationLock speedFull tech treeHidden civsTurbo modeCheats
Victory
Defeat
🇦🇷 Spanish · Argentina
856
+15
🇪🇸 Lithuanians · Spain
856
+15
🇧🇷 Britons · Brazil
825
-15
🇧🇷 Teutons · Brazil
825
-15
michasrock
10:00 Feudal Age
15:49 Castle Age
16:14 Fletching
17:25 Forging
24:40 Bodkin Arrow
24:50 Double-Bit Axe
24:56 Horse Collar
25:12 Elite Skirmisher
39:14 Yeomen
42:11 Imperial Age
41:18 Pikeman
43:23 Conscription
43:30 Ballistics
43:53 Bracer
47:09 Chemistry
48:36 Scale Mail Armor
Barba-vidalk63
13:13 Feudal Age
12:02 Loom
18:14 Castle Age
17:36 Bloodlines
20:52 Wheelbarrow
23:35 Scale Mail Armor
27:42 Forging
27:39 Scale Barding Armor
35:23 Imperial Age
35:46 Chain Mail Armor
36:07 Iron Casting
36:53 Double-Bit Axe
37:58 Plate Mail Armor
41:32 Squires
41:19 Arson
42:21 Bow Saw
43:45 Blast Furnace
42:35 Gambesons
43:26 Fortified Wall
50:11 Chemistry
Your Dad
9:25 Loom
11:53 Feudal Age
16:22 Castle Age
16:05 Double-Bit Axe
16:18 Horse Collar
19:14 Wheelbarrow
21:11 Ballistics
20:59 Fletching
20:35 Elite Skirmisher
22:46 Hand Cart
25:06 Bow Saw
27:54 Town Watch
28:40 Town Patrol
28:14 Pikeman
29:03 Heavy Plow
29:36 Fortified Wall
37:45 Imperial Age
41:03 Chemistry
42:49 Conscription
43:54 Bodkin Arrow
45:14 Halberdier
45:57 Squires
45:42 Arson
47:31 Bracer
48:44 Stone Mining
48:44 Gold Mining
Gian_p20
10:02 Feudal Age
14:53 Castle Age
13:07 Double-Bit Axe
13:34 Horse Collar
18:32 Bow Saw
20:51 Stone Mining
22:24 Heavy Plow
22:29 Gold Mining
23:29 Padded Archer Armor
23:20 Fletching
25:58 Fortified Wall
27:02 Wheelbarrow
26:15 Loom
27:45 Stone Shaft Mining
27:10 Bodkin Arrow
27:30 Leather Archer Armor
27:44 Ballistics
30:55 Imperial Age
29:45 Hand Cart
29:25 Pikeman
30:06 Squires
30:18 Forging
30:08 Scale Mail Armor
30:15 Murder Holes
30:03 Treadmill Crane
31:53 Iron Casting
33:13 Conscription
33:08 Masonry
33:17 Chain Mail Armor
37:53 Thumb Ring
40:46 Murder Holes
41:22 Architecture
43:18 Crop Rotation
47:40 Bracer
48:10 Ring Archer Armor
48:12 Halberdier
50:12 Hill Forts
Connection lost

Rejoining the realm…

Still unreachable

The connection could not be restored.

Session expired

The server has moved on; the page needs a fresh start.